 Dungeon Crawl Stone Soup version 0.26-a0-667-g92642533e4 (webtiles) character file.

Game seed: 5121523848322748712

286983 marklar909 the Bludgeoner (level 21, 0/170 HPs)
             Began as a Formicid Abyssal Knight on Oct 16, 2020.
             Was the Champion of Lugonu.
             Slain by a quicksilver dragon simulacrum (12 damage)
             ... summoned by Lugonu's corruption
             ... on level 3 of the Elven Halls.
             The game lasted 02:22:52 (58494 turns).

marklar909 the Bludgeoner (FoAK)                   Turns: 58494, Time: 02:22:53

Health: 0/170      AC: 21    Str: 23      XL:     21   Next: 53%
Magic:  0/30       EV: 16    Int: 12 (14) God:    Lugonu [******]
Gold:   1474       SH: 15    Dex: 12      Spells: 24/24 levels left

rFire    . . .     SeeInvis +   a - +9 dire flail (distort)
rCold    + . .     Faith    .   C - +1 kite shield {rPois}
rNeg     + + .     Spirit   +   l - +4 scale mail {rC+}
rPois    +         Reflect  .   (helmet unavailable)
rElec    +         Harm     .   T - +2 cloak {rPois}
rCorr    +         Rampage  .   R - +2 pair of gloves "Estuxzitt" {rCorr}
MR       ++...                  Q - +2 pair of boots {Fly}
Stlth    +.........             I - amulet of guardian spirit
HPRegen  0.38/turn              V - ring of positive energy
MPRegen  0.22/turn              F - ring "Jeumij" {rElec rN+}

@: corroded, flying, wreathed by umbra
A: permanent stasis, dig shafts and tunnels, four strong arms, antennae 3
}: 2/15 runes: decaying, serpentine
a: Dig, Shaft Self, Depart the Abyss, Bend Space, Banish, Corrupt, Enter the
Abyss, Renounce Religion, Stop Flying


You were on level 3 of the Elven Halls.
You worshipped Lugonu.
Lugonu was exalted by your worship.
You visited 6 branches of the dungeon, and saw 34 of its levels.
You visited the Abyss 2 times.
You also visited: Bailey and Ice Cave.

You collected 3782 gold pieces.
You spent 2308 gold pieces at shops.

Inventory:

Hand Weapons
 a - a +9 dire flail of distortion (weapon)
 b - the +10 morningstar "Eos" {elec, Halo rElec}
   (You acquired it on level 6 of the Lair of Beasts)

   Occasionally, upon striking a foe, it will discharge some electrical energy
   and cause terrible harm.
   It insulates you from electricity.
 p - a +2 morningstar of holy wrath
Missiles
 n - 52 boomerangs (quivered)
 v - 6 throwing nets
 O - 11 javelins
Armour
 l - a +4 scale mail of cold resistance (worn)
 C - a +1 kite shield of poison resistance (worn)
 Q - a +2 pair of boots of flying (worn)
 R - the +2 pair of gloves "Estuxzitt" (worn) {rCorr}
   (You found it on level 1 of the Swamp)

   It provides partial protection from all sources of acid and corrosion.
 T - a +2 cloak of poison resistance (worn)
Jewellery
 y - an uncursed ring of protection from fire
 F - the ring "Jeumij" (right hand) {rElec rN+}
   (You acquired it in a bailey)

   [ring of positive energy]

   It insulates you from electricity.
   It protects you from negative energy.
 I - an amulet of guardian spirit (around neck)
 V - a ring of positive energy (left hand)
 Y - an uncursed ring of protection from magic
Wands
 c - a wand of iceblast (82)
 m - a wand of digging (8)
 q - a wand of disintegration (53)
 s - a wand of flame (19)
 x - a wand of acid (20)
 J - a wand of paralysis (30)
Scrolls
 e - 18 scrolls of identify
 f - a scroll of summoning
 h - 3 scrolls of magic mapping
 i - a scroll of enchant armour
 o - 15 scrolls of remove curse
 r - 2 scrolls of silence
 G - 2 scrolls of fear
 N - 8 scrolls of amnesia
 U - 2 scrolls of fog
 X - 6 scrolls of holy word
Potions
 d - 18 potions of curing
 g - 3 potions of ambrosia
 j - 9 potions of might
 k - 7 potions of brilliance
 t - 5 potions of cancellation
 A - 5 potions of stabbing
 B - 3 potions of magic
 H - 6 potions of mutation
 K - 2 potions of lignification
 L - 5 potions of heal wounds
Miscellaneous
 D - a box of beasts (3/3)
 E - a phantom mirror
 M - a phial of floods


   Skills:
 + Level 15.7 Fighting
 + Level 17.5 Maces & Flails
 + Level 12.9 Throwing
 * Level 14.8 Armour
 + Level 10.7 Dodging
 + Level 4.5 Stealth
 + Level 15.7 Shields
 - Level 2.2 Unarmed Combat
 + Level 2.0 Spellcasting
 * Level 12.6 Invocations
 + Level 6.5 Evocations


You had 24 spell levels left.
You didn't know any spells.
Your spell library contained the following spells:

 Spells                   Type           Power        Failure   Level
 Animate Skeleton         Necr           #.....       45%         1
 Apportation              Tloc           #.....       45%         1
 Beastly Appendage        Tmut           #.....       45%         1
 Corona                   Hex            #......      45%         1
 Foxfire                  Conj/Fire      #...         45%         1
 Magic Dart               Conj           #...         45%         1
 Pain                     Necr           #...         45%         1
 Sting                    Tmut/Pois      #...         45%         1
 Summon Small Mammal      Summ           #...         45%         1
 Call Imp                 Summ           #.......     61%         2
 Poisonous Vapours        Pois/Air       #.....       61%         2
 Slow                     Hex            #.......     61%         2
 Wereblood                Tmut           #.......     61%         2
 Call Canine Familiar     Summ           #.......     83%         3
 Conjure Flame            Conj/Fire      #.......     83%         3
 Ignite Poison            Fire/Tmut/Pois #.......     83%         3
 Inner Flame              Hex/Fire       #.......     83%         3
 Mephitic Cloud           Conj/Pois/Air  #.......     83%         3
 Spider Form              Tmut/Pois      #.........   83%         3
 Summon Guardian Golem    Hex/Summ       #.......     83%         3
 Vampiric Draining        Necr           #.........   83%         3
 Animate Dead             Necr           #.........   99%         4
 Cause Fear               Hex            #.........   99%         4
 Ice Form                 Ice/Tmut       #.......     99%         4
 Olgreb's Toxic Radiance  Pois           #.......     99%         4
 Sticky Flame             Conj/Fire      #.......     99%         4
 Summon Ice Beast         Ice/Summ       #.......     99%         4
 Summon Lightning Spire   Summ/Air       #.......     99%         4
 Agony                    Necr           #.......     100%        5
 Blade Hands              Tmut           #.........   100%        5
 Bolt of Magma            Conj/Fire/Erth #.........   100%        5
 Borgnjor's Vile Clutch   Necr/Erth      #.........   100%        5
 Fireball                 Conj/Fire      #.........   100%        5
 Iskenderun's Battlesphe  Conj           #.......     100%        5
 Silence                  Hex/Air        #.........   100%        5
 Yara's Violent Unravell  Hex/Tmut       #.........   100%        5
 Death Channel            Necr           #.........   100%        6
 Iron Shot                Conj/Erth      #.........   100%        6
 Simulacrum               Ice/Necr       #.........   100%        6
 Orb of Destruction       Conj           #.........   100%        7
 Spellforged Servitor     Conj/Summ      #.........   100%        7
 Discord                  Hex            #.........   100%        8
 Blink                    Tloc           Unusable     N/A         2

Dungeon Overview and Level Annotations

Branches:
Dungeon (15/15)            Temple (0/1) D:7            Lair (6/6) D:10
  Swamp (4/4) Lair:3        Snake (4/4) Lair:4        Slime (0/5) Lair:5
    Orc (2/2) D:9             Elf (3/3) Orc:2        Vaults (0/5) D:14
 Depths (0/5) D:15         Bailey (visited)           IceCv (visited)

Altars:
Ashenzari
Cheibriados
Fedhas
Gozag
Hepliaklqana
Kikubaaqudgha
Makhleb
Nemelex Xobeh
Okawaru
Sif Muna
Uskayaw
Yredelemnul
The Shining One
Beogh
Jiyva

Shops:
D:6 !   D:8 (   D:10 [[=(   D:11 [*   Orc:2 }[=!   Elf:3 !   Snake:1 [!
Snake:2 ?[*   Snake:3 (

Portals:
Trove: D:12 (give +7 demon blade)

Annotations:
D:9 exclusion: 2 oklob plants
Orc:2 2 transporters, jejorda2's ghost, journeyman MiBe
Elf:1 corrupted
Elf:3 corrupted
Abyss:1 Agnes; Asterion; marklar909's ghost, adept FoAK


Innate Abilities, Weirdness & Mutations

You cannot be hasted, slowed, berserked, paralysed or teleported.
You can dig through walls and to a lower floor.
Your four strong arms can wield two-handed weapons with a shield.
You have a pair of large antennae on your head. (SInv)


Message History

The deep elf demonologist's magic leaks into the air.
The deep elf demonologist mumbles some strange words.
The deep elf high priest calls down the wrath of its god upon you.
Something smites you!
* * * LOW HITPOINT WARNING * * *
The orange demon stings the deep elf demonologist!
The orange demon barely misses the deep elf demonologist.
The worldbinder calls forth creatures from the Snake Pit!
Something claws the ynoxinul.
Something freezes the ynoxinul!!
The ynoxinul resists.
Something claws the ynoxinul!!
The ynoxinul dies!
The starcursed mass is engulfed in freezing vapours.
A starcursed mass splits.
The starcursed mass shudders and is absorbed by its neighbour.
The deep elf demonologist mumbles some strange words.
The quicksilver dragon simulacrum bites you!
* * * LOW HITPOINT WARNING * * *
The quicksilver dragon simulacrum freezes you!
You resist.
You die...

##.....#...##)#.## ##
#.......e)§.###[.###
##.
##...#.#.e{{.ZGs..#.
##..
#.....E..X.{3Xx.{5X##
##...
.........X#.##Xx§xX3
##....
.........e4(SX.s.5.#{
#.....
.........##SAShG#..#{{
##..(.
)........4eex#x○3K)#
##...
.....###..##hNXX@t.#
##.. #)####
######XD°#Z°# ##.
e....#* {
##.#☼5○###{####### #.
e.....#*****#X#{
####........# #.
...e....#{,#3Z {{
########.# #.
........#*,##** #.# #.
.....e{..**,,,** #.#
#. ###......,*,,,,**
#.# #. *
*#.....,*,,,,,* #.# #.


You could see 2 deep elf demonologists, a deep elf high priest, a deep elf mage
(wandering, empowered), a red devil (summoned), a neutral bone dragon
(summoned), a neutral profane servitor (summoned), 5 neutral starcursed masses,
a neutral glowing orange brain (summoned), a neutral orange demon (summoned), a
neutral apocalypse crab (summoned), a neutral thrashing horror (summoned), 5
neutral large abominations, a neutral mana viper (summoned), 3 neutral
worldbinders, a neutral kobold demonologist (summoned), 2 neutral black mambas,
a neutral eye of draining (summoned), a neutral sixfirhy (summoned), 2 neutral
raiju, 2 neutral neqoxecs, a neutral jumping spider (summoned), a neutral
tarantella (summoned), a neutral naga (summoned), 2 neutral small abominations,
2 neutral iron imps, a neutral white imp (summoned), a neutral alligator
simulacrum (summoned, wandering), a neutral quicksilver dragon simulacrum
(summoned) and a neutral storm dragon zombie (summoned).

Vanquished Creatures
  Vashnia (Snake:2)
  An Ice Fiend (IceCv)
  A deep elf blademaster (Elf:2)
  A deep elf master archer (Elf:3)
  A sphinx (D:15)
  Frances (D:13)
  Gastronok (Lair:2)
  2 thorn hunters
  7 nagarajas
  An orc warlord (Bailey)
  3 deep elf sorcerers (Elf:3)
  A deep elf elementalist (Elf:3)
  2 deep elf demonologists (Elf:3)
  The ghost of ZLogic the Unseen, a journeyman SpEn of Kikubaaqudgha (D:15)
  5 deep elf annihilators (Elf:3)
  Nessos (D:15)
  3 deep elf death magi
  2 deep elf high priests (Elf:3)
  Josephine (Lair:5)
  A great orb of eyes (D:15)
  23 hydras
  A ghost crab (Swamp:4)
  Erolcha (D:13)
  5 boulder beetles
  15 naga warriors
  A vault guard (D:14)
  9 anacondas
  4 centaur warriors
  The ghost of vortex the Thaumaturge, a journeyman GrFE of Fedhas (D:10)
  A death knight (D:14)
  17 alligators
  5 two-headed ogres
  An ogre mage (D:15)
  A tengu warrior (D:14)
  24 dancing weapons
  Urug (D:13)
  23 naga sharpshooters
  6 orc high priests
  4 death yaks (Lair:5)
  13 deep elf knights
  5 shock serpents
  9 skeletal warriors
  A large abomination (Abyss:2)
  Nergalle (Lair:2)
  2 unseen horrors (D:15)
  A spriggan druid (Swamp:3)
  2 salamander mystics (Snake:4)
  4 wizards
  An orange crystal statue (D:15)
  12 deep elf archers
  8 naga ritualists
  12 swamp dragons
  9 mana vipers
  2 orc knights
  52 deep elf magi
  A wolf spider zombie (D:14)
  Pikel (D:5)
  10 ugly things
  An oklob plant (Lair:6)
  3 cyclopes
  3 orc sorcerers
  7 salamanders
  3 manticores (D:13)
  4 guardian serpents
  20 cane toads
  29 black mambas
  4 centaur zombies
  4 gargoyles
  4 ice statues (IceCv)
  8 naga magi
  A torpor snail (Lair:4)
  The ghost of dduke the Skirmisher, a novice DsCK of Xom (D:4)
  Maggie (D:9)
  7 komodo dragons
  2 kobold demonologists
  2 anaconda simulacra (IceCv)
  6 rime drakes
  An efreet (D:15)
  5 polar bears
  A golden dragon simulacrum (IceCv)
  10 ice devils (IceCv)
  6 hornets
  5 trolls
  2 ancient zymes (Abyss:2)
  A polar bear (shapeshifter) (D:14)
  10 tyrant leeches
  33 slime creatures
  7 bog bodies
  5 blink frogs (Lair:6)
  2 raiju (Abyss:2)
  41 dream sheep
  16 spriggans
  A dire elephant simulacrum (IceCv)
  2 shadows
  3 water elementals (Elf:1)
  A centaur simulacrum (D:14)
  An air elemental (Elf:3)
  4 fire bats (Abyss:2)
  A vampire (D:12)
  2 fire elementals (Elf:1)
  31 yaks
  6 wyverns
  14 vampire mosquitoes
  3 basilisks
  Grum (D:11)
  7 wraiths
  A steam dragon (D:9)
  Edmund (D:5)
  Menkaure (D:4)
  3 iron troll simulacra (IceCv)
  A harpy simulacrum (IceCv)
  25 swamp worms
  14 insubstantial wisps
  39 nagas
  2 wargs (Orc:2)
  A hydra simulacrum (IceCv)
  3 soldier ants
  10 water moccasins
  12 swamp drakes
  8 black bears
  6 ice beasts
  5 sky beasts
  16 orc warriors
  2 phantoms
  A necrophage (D:8)
  An ettin simulacrum (IceCv)
  8 ogres
  5 boggarts
  35 wolves
  3 centaurs
  An elf zombie (D:8)
  14 bullfrogs
  5 big kobolds
  4 earth elementals
  2 scorpions
  A wyvern skeleton (D:12)
  4 killer bees (D:12)
  10 wights
  4 howler monkeys
  2 bullfrog zombies (D:12)
  2 quasits (D:11)
  7 centaur skeletons
  9 hounds
  6 human zombies (D:8)
  Crazy Yiuf (D:5)
  4 bullfrog skeletons
  3 gnoll shamans (D:4)
  40 orc priests
  2 jellies
  15 orc wizards
  A human skeleton (D:8)
  4 iguanas
  6 worker ants
  A hound zombie (D:10)
  2 mummies
  44 gnolls
  A howler monkey skeleton (D:4)
  15 adders
  2 hound simulacra (D:4)
  2 shadow imps
  A white imp (D:4)
  A howler monkey simulacrum (D:4)
  A worker ant simulacrum (D:4)
  2 ufetubi
  2 oozes (D:2)
  2 adder skeletons
  An adder zombie (D:5)
  2 worms
  2 dart slugs
  2 adder simulacra (D:4)
  5 leopard geckos
  82 orcs
  2 ball pythons
  6 giant cockroaches
  17 goblins
  14 hobgoblins
  18 jackals
  3 quokkas
  2 bats
  6 frilled lizards
  A jackal simulacrum (D:4)
  27 kobolds
  A leopard gecko skeleton (D:5)
  An orc zombie (D:8)
  5 rats
  6 briar patches (Swamp:1)
1287 creatures vanquished.

Vanquished Creatures (collateral kills)
  the Lernaean hydra (Swamp:4)
  2 skeletal warriors (D:13)
  Maurice (D:11)
4 creatures vanquished.

Vanquished Creatures (others)
  A deep elf sorcerer (Elf:3)
  2 deep elf elementalists (Elf:3)
  A deep elf death mage (Elf:1)
  A deep elf high priest (Elf:3)
  A dancing weapon (Elf:1)
  A deep elf knight (Elf:1)
  A deep elf archer (Elf:1)
  12 deep elf magi (Elf:1)
  A fire elemental (Elf:1)
  A swamp worm (shapeshifter) (Elf:1)
  An earth elemental (Elf:1)
  4 briar patches (Swamp:1)
  56 fungi
  53 plants
136 creatures vanquished.

Grand Total: 1427 creatures vanquished

Notes
Turn   | Place    | Note
-------+----------+-------------------------------------------
     0 | Abyss:1  | marklar909 the Formicid Abyssal Knight began the quest for
                  | the Orb.
     0 | Abyss:1  | Reached XP level 1. HP: 18/18 MP: 2/2
    18 | Abyss:1  | Found a corrupted altar of Lugonu.
    43 | Abyss:1  | Noticed a quasit
    46 | Abyss:1  | Noticed a fire bat
    49 | D:1      | Escaped the Abyss
   392 | D:1      | Reached XP level 2. HP: 25/25 MP: 3/3
  1044 | D:2      | Reached XP level 3. HP: 30/30 MP: 4/4
  1053 | D:2      | Reached * piety under Lugonu
  1437 | D:2      | Reached XP level 4. HP: 37/37 MP: 5/5
  1550 | D:2      | Reached skill level 1 in Dodging
  1648 | D:2      | Found an iron altar of Okawaru.
  1658 | D:2      | Reached skill level 3 in Maces & Flails
  2407 | D:2      | Reached skill level 1 in Shields
  2439 | D:3      | Found a shimmering blue altar of Sif Muna.
  2612 | D:3      | Reached ** piety under Lugonu
  2701 | D:3      | Reached XP level 5. HP: 42/43 MP: 6/6
  3782 | D:4      | Reached XP level 6. HP: 47/49 MP: 7/7
  3858 | D:4      | Noticed an ogre
  4074 | D:4      | Noticed Menkaure
  4532 | D:4      | Noticed dduke's ghost (novice DsCK)
  4575 | D:4      | Found a hide-covered altar of Uskayaw.
  4575 | D:4      | Noticed a +0 dagger
  4575 | D:4      | Noticed a +0 dagger
  4596 | D:4      | Killed Menkaure
  4596 | D:4      | Reached skill level 4 in Maces & Flails
  4596 | D:4      | Reached XP level 7. HP: 37/55 MP: 8/8
  4733 | D:4      | Found a runed translucent gate.
  4734 | D:4      | Found a runed translucent gate.
  4735 | D:4      | Found a runed translucent gate.
  4985 | D:4      | Reached skill level 5 in Fighting
  5651 | D:4      | Reached skill level 1 in Throwing
  5837 | D:4      | Reached *** piety under Lugonu
  5905 | D:4      | Reached XP level 8. HP: 58/62 MP: 8/10
  6230 | D:4      | Reached skill level 5 in Maces & Flails
  6663 | D:5      | Entered Level 5 of the Dungeon
  7033 | D:5      | Found a sparkling altar of Nemelex Xobeh.
  7548 | D:5      | Noticed Edmund
  7580 | D:5      | Killed Edmund
  7580 | D:5      | Reached skill level 5 in Armour
  7838 | D:5      | Found a snail-covered altar of Cheibriados.
  8004 | D:5      | Reached skill level 6 in Maces & Flails
  8015 | D:5      | Noticed Pikel
  8030 | D:5      | Reached XP level 9. HP: 68/69 MP: 12/12
  8041 | D:5      | Killed Pikel
  8041 | D:5      | Reached skill level 5 in Invocations
  8151 | D:5      | Found a glowing golden altar of the Shining One.
  8154 | D:5      | Found a burning altar of Makhleb.
  8154 | D:5      | Found an opulent altar of Gozag.
  8368 | D:5      | Reached skill level 7 in Maces & Flails
  8650 | D:5      | Found a runed translucent door.
  8651 | D:5      | Noticed Crazy Yiuf
  8722 | D:5      | Killed Crazy Yiuf
  8813 | D:6      | Found a broken altar of Ashenzari.
  8910 | D:6      | Reached **** piety under Lugonu
  9392 | D:6      | Found Usoohuwk's Distillery.
  9400 | D:6      | Bought a potion of might for 56 gold pieces
  9400 | D:6      | Bought a potion of flight for 42 gold pieces
  9400 | D:6      | Bought a potion of might for 56 gold pieces
  9400 | D:6      | Bought a potion of brilliance for 56 gold pieces
  9647 | D:7      | Found a hazy altar of Hepliaklqana.
  9683 | D:7      | Reached XP level 10. HP: 77/77 MP: 14/14
  9702 | D:7      | Reached skill level 8 in Maces & Flails
 10194 | D:7      | Found a staircase to the Ecumenical Temple.
 10335 | D:7      | Found a sparkling altar of Nemelex Xobeh.
 10794 | D:8      | Found Caedues's Antique Weapon Boutique.
 11058 | D:8      | Found an ancient bone altar of Kikubaaqudgha.
 11079 | D:8      | Reached skill level 9 in Maces & Flails
 11169 | D:8      | Reached ***** piety under Lugonu
 11713 | D:9      | Found a staircase to the Orcish Mines.
 11954 | D:9      | Noticed Maggie
 11968 | D:9      | Killed Maggie
 11976 | D:9      | Reached skill level 5 in Shields
 12363 | D:9      | Reached XP level 11. HP: 77/84 MP: 16/16
 12920 | D:9      | Found a blossoming altar of Fedhas.
 12922 | D:9      | Noticed an oklob plant
 12922 | D:9      | Noticed an oklob plant
 13050 | D:10     | Entered Level 10 of the Dungeon
 13068 | D:10     | Reached skill level 10 in Maces & Flails
 13068 | D:10     | Reached skill level 5 in Throwing
 13072 | D:10     | Found Xunwuugiz's Antique Armour Shop.
 13103 | D:10     | Found a flagged portal.
 13130 | Bailey   | Entered a bailey
 13135 | Bailey   | Noticed an orc warlord
 13341 | Bailey   | Found a runed translucent gate.
 13341 | Bailey   | Found a runed translucent gate.
 13341 | Bailey   | Found a runed translucent gate.
 13347 | Bailey   | Noticed an orc knight
 13401 | Bailey   | Killed an orc knight
 14049 | Bailey   | Killed an orc warlord
 14049 | Bailey   | Reached skill level 1 in Stealth
 14253 | Bailey   | Identified 2 scrolls of acquirement
 14253 | Bailey   | Acquired the ring "Jeumij" {rElec rN+}
 14258 | Bailey   | Acquired a +1 kite shield of poison resistance
 14581 | D:10     | Found Forgh's Antique Weapon Boutique.
 14661 | D:10     | Found a staircase to the Lair.
 14673 | D:10     | Noticed vortex's ghost (journeyman GrFE)
 14712 | D:10     | Found a runed translucent door.
 14736 | D:10     | Found Kaqebycro's Jewellery Shop.
 14742 | D:10     | Bought an uncursed amulet of guardian spirit for 360 gold
                  | pieces
 14756 | D:10     | Found Joirurchi's Armour Boutique.
 15415 | D:11     | Noticed Grum
 15436 | D:11     | Killed Grum
 15490 | D:11     | Found a basalt altar of Yredelemnul.
 15498 | D:11     | Found Jyloux's General Store.
 15507 | D:11     | Noticed Maurice
 15521 | D:11     | Killed Maurice
 15577 | D:11     | Noticed a cyclops
 15588 | D:11     | Killed a cyclops
 15736 | D:11     | Bought a potion of heal wounds for 80 gold pieces
 15736 | D:11     | Bought a potion of lignification for 48 gold pieces
 15788 | D:11     | Found Yxil's Armour Emporium.
 15950 | D:12     | Noticed a boulder beetle
 15961 | D:12     | Killed a boulder beetle
 15961 | D:12     | Reached XP level 12. HP: 58/93 MP: 12/18
 16226 | D:12     | Reached skill level 11 in Maces & Flails
 16420 | D:12     | Noticed a skeletal warrior
 16421 | D:12     | Noticed a skeletal warrior
 16422 | D:12     | Noticed a skeletal warrior
 16574 | Lair:1   | Entered Level 1 of the Lair of Beasts
 17224 | Lair:1   | Reached ****** piety under Lugonu
 17800 | Lair:1   | Reached XP level 13. HP: 101/101 MP: 19/19
 18167 | Lair:2   | Noticed Nergalle
 18167 | Lair:2   | Noticed Gastronok
 18458 | Lair:2   | Killed Nergalle
 18482 | Lair:2   | Killed Gastronok
 18654 | Lair:2   | Noticed a four-headed hydra
 18676 | Lair:2   | Killed a four-headed hydra
 19150 | Lair:3   | Noticed a seven-headed hydra
 19169 | Lair:3   | Killed a seven-headed hydra
 19330 | Lair:3   | Found a staircase to the Swamp.
 19330 | Lair:3   | Noticed a five-headed hydra
 19351 | Lair:3   | Killed a five-headed hydra
 19351 | Lair:3   | Reached skill level 10 in Fighting
 19351 | Lair:3   | Reached skill level 12 in Maces & Flails
 19496 | D:10     | Bought a +1 pair of boots of flying for 214 gold pieces
 20133 | Lair:3   | Noticed a five-headed hydra
 20149 | Lair:3   | Killed a five-headed hydra
 20149 | Lair:3   | Reached XP level 14. HP: 106/110 MP: 18/20
 20628 | Lair:4   | Reached skill level 5 in Dodging
 20747 | Lair:4   | Found a staircase to the Snake Pit.
 21742 | Lair:5   | Found an opulent altar of Gozag.
 21976 | Lair:5   | Noticed Josephine
 21996 | Lair:5   | Killed Josephine
 21996 | Lair:5   | Reached skill level 13 in Maces & Flails
 22429 | Lair:5   | Found a viscous altar of Jiyva.
 22435 | Lair:5   | Found a staircase to the Slime Pits.
 22722 | Lair:5   | Reached skill level 10 in Shields
 23211 | Lair:6   | Entered Level 6 of the Lair of Beasts
 23832 | Lair:6   | Reached XP level 15. HP: 106/119 MP: 18/21
 24432 | Lair:6   | Reached skill level 14 in Maces & Flails
 26067 | Lair:6   | Acquired the +10 morningstar "Eos" {elec, Halo rElec}
 26068 | Lair:6   | Found the +10 morningstar "Eos" {elec, Halo rElec}
 26462 | Orc:1    | Entered Level 1 of the Orcish Mines
 26602 | Orc:2    | Entered Level 2 of the Orcish Mines
 26635 | Orc:2    | Found a transporter.
 26643 | Orc:2    | Found a staircase to the Elven Halls.
 26718 | Orc:2    | Found a transporter.
 26722 | Orc:2    | Noticed jejorda2's ghost (journeyman MiBe)
 26967 | Orc:2    | Found a roughly hewn altar of Beogh.
 27009 | Orc:2    | Found Comutyt's Armour Boutique.
 27009 | Orc:2    | Found Daat's Gadget Shoppe.
 27492 | Orc:2    | Found Duneog Cepe's Jewellery Shoppe.
 27492 | Orc:2    | Found Qaopnaaj's Distillery.
 28159 | Orc:2    | Bought a potion of brilliance for 48 gold pieces
 28159 | Orc:2    | Bought a potion of cancellation for 96 gold pieces
 28159 | Orc:2    | Bought a potion of curing for 36 gold pieces
 28159 | Orc:2    | Bought a potion of curing for 36 gold pieces
 28159 | Orc:2    | Bought a potion of brilliance for 48 gold pieces
 28159 | Orc:2    | Bought a potion of curing for 36 gold pieces
 28159 | Orc:2    | Bought a potion of mutation for 96 gold pieces
 29251 | D:12     | Reached skill level 10 in Armour
 29535 | D:12     | Found a portal to a secret trove of treasure.
 29611 | D:13     | Noticed Urug
 29893 | D:13     | Noticed Frances
 29902 | D:13     | Killed Frances
 29952 | D:13     | Reached XP level 16. HP: 112/127 MP: 18/22
 30037 | D:13     | Noticed Erolcha
 30055 | D:12     | Got a spiked ring mail
 30158 | D:13     | Killed Erolcha
 30490 | D:13     | Killed Urug
 30599 | D:13     | Reached skill level 15 in Maces & Flails
 32288 | D:14     | Found a gate to the Vaults.
 32410 | D:15     | Entered Level 15 of the Dungeon
 32419 | D:15     | Found a transporter.
 32421 | D:15     | Noticed ZLogic's ghost (journeyman SpEn)
 32422 | D:15     | Found a transporter.
 32422 | D:15     | Noticed a sphinx
 32705 | D:15     | Noticed Nessos
 32713 | D:15     | Killed Nessos
 32873 | D:15     | Found a staircase to the Depths.
 33151 | D:15     | Reached XP level 17. HP: 117/135 MP: 20/23
 34326 | D:10     | Acquired an uncursed ring of protection from magic
 34782 | Swamp:1  | Entered Level 1 of the Swamp
 35376 | Swamp:1  | Found a frozen archway.
 35403 | IceCv    | Entered an ice cave
 35418 | IceCv    | Reached skill level 10 in Throwing
 36408 | IceCv    | Noticed an Ice Fiend
 36410 | IceCv    | Found the +3 salamander hide armour {Flames rF++ rC--}
 36417 | IceCv    | Killed an Ice Fiend
 37235 | Swamp:1  | Reached skill level 16 in Maces & Flails
 37442 | Swamp:1  | Found a transporter.
 37492 | Swamp:1  | Found a transporter.
 39103 | Swamp:3  | Noticed a thorn hunter
 39113 | Swamp:3  | Killed a thorn hunter
 39535 | Swamp:4  | Entered Level 4 of the Swamp
 39827 | Swamp:4  | Noticed a thorn hunter
 39837 | Swamp:4  | Killed a thorn hunter
 39863 | Swamp:4  | Reached XP level 18. HP: 140/143 MP: 23/25
 40038 | Swamp:4  | Reached skill level 10 in Invocations
 40763 | Swamp:4  | Noticed the 27-headed Lernaean hydra
 40769 | Swamp:4  | Killed the 27-headed Lernaean hydra
 40881 | Swamp:4  | Got a decaying rune of Zot
 40897 | Swamp:4  | Got a citrine-encrusted chain mail
 41147 | Swamp:4  | Identified the +1 chain mail of Impermeability {rPois} (You
                  | found it on level 4 of the Swamp)
 41368 | D:10     | Killed vortex's ghost
 42220 | D:15     | Killed ZLogic's ghost
 42698 | Swamp:1  | Got a pair of brightly glowing gloves
 42699 | Swamp:1  | Identified the +2 pair of gloves "Estuxzitt" {rCorr} (You
                  | found it on level 1 of the Swamp)
 42716 | Swamp:1  | Got a flickering glass ring
 42718 | Swamp:1  | Identified the ring "Igyg" {Fire +Fly Int+4 SInv} (You
                  | found it on level 1 of the Swamp)
 42994 | D:4      | Killed dduke's ghost
 43322 | Snake:1  | Entered Level 1 of the Snake Pit
 43441 | Snake:1  | Found Kagiss's Distillery.
 43506 | Snake:1  | Bought 2 potions of ambrosia for 320 gold pieces
 43506 | Snake:1  | Bought a potion of curing for 60 gold pieces
 43506 | Snake:1  | Bought a potion of curing for 60 gold pieces
 44048 | Snake:1  | Found a hazy altar of Hepliaklqana.
 44279 | Snake:1  | Found Nuko's Antique Armour Boutique.
 44352 | Snake:1  | Bought an embroidered cloak for 240 gold pieces
 44857 | Snake:2  | Found Saizaos's Magic Scroll Boutique.
 44865 | Snake:2  | Bought a scroll of identify for 32 gold pieces
 44906 | Snake:2  | Reached XP level 19. HP: 134/151 MP: 23/27
 44981 | Snake:2  | Noticed Vashnia
 44984 | Snake:2  | Found Saizaos's Armour Boutique.
 45389 | Snake:2  | Reached skill level 10 in Dodging
 45631 | Snake:2  | Found Vasm's Assorted Antiques.
 45949 | Snake:2  | Killed Vashnia
 45949 | Snake:2  | Reached skill level 5 in Evocations
 46899 | Snake:3  | Found a basalt altar of Yredelemnul.
 47051 | Snake:3  | Found Xiloreyn's Weapon Emporium.
 47291 | Snake:4  | Entered Level 4 of the Snake Pit
 49952 | Snake:4  | Reached XP level 20. HP: 133/160 MP: 23/28
 50546 | Snake:4  | Got a serpentine rune of Zot
 50881 | D:10     | Identified the +1 ring mail of the Farmer {Str+3} (You
                  | found it on level 12 of the Dungeon)
 51112 | Snake:1  | Bought an ancient ring mail for 288 gold pieces
 51112 | Snake:1  | Identified the +1 ring mail of the Pink Corner {*Corrode
                  | Regen+ Dex+9 Slay-3} (You bought it in a shop on level 1 of
                  | the Snake Pit)
 51308 | D:10     | Identified a +9 dire flail of distortion (a +7 dire flail
                  | of protection corrupted by Lugonu)
 51308 | D:10     | Received a gift from Lugonu
 51418 | Elf:1    | Entered Level 1 of the Elven Halls
 51419 | Elf:1    | Corrupted Elf:1
 51960 | Elf:1    | Found a runed translucent door.
 51961 | Elf:1    | Noticed marklar909's ghost (adept FoAK)
 52449 | Elf:1    | Reached skill level 17 in Maces & Flails
 53429 | Elf:1    | Banished marklar909's ghost
 53912 | Elf:2    | Found a huge runed translucent gate.
 53912 | Elf:2    | Found a huge runed translucent gate.
 53912 | Elf:2    | Found a huge runed translucent gate.
 53912 | Elf:2    | Found a huge runed translucent gate.
 53913 | Elf:2    | Found a huge runed translucent gate.
 53974 | Elf:2    | Reached skill level 15 in Fighting
 54015 | Elf:2    | Reached skill level 15 in Shields
 54795 | Elf:2    | Noticed Agnes
 54811 | Elf:2    | Banished Agnes
 55497 | Elf:2    | Noticed Asterion
 55549 | Elf:2    | Banished Asterion
 55835 | Elf:2    | Reached XP level 21. HP: 159/168 MP: 30/30
 56246 | Elf:3    | Entered Level 3 of the Elven Halls
 56398 | Elf:3    | Found Keejalea's Distillery.
 57765 | Elf:3    | Identified the +7 rapier of Moderation {antimagic, rF+
                  | Str+3 Dex-5 Stlth+}
 57824 | Elf:3    | Identified the cursed +2 falchion of True Grit {protect,
                  | Str+3}
 58192 | Elf:3    | Cast into level 2 of the Abyss (a deep elf sorcerer)
 58477 | Elf:3    | Escaped the Abyss
 58482 | Elf:3    | Corrupted Elf:3
 58482 | Elf:3    | Noticed a profane servitor
 58482 | Elf:3    | Noticed a bone dragon
 58494 | Elf:3    | Slain by a quicksilver dragon simulacrum

Illustrated notes

Levels and vault maps discovered:
D:1:      minmay_arrival_five_plusses, layout_basic, minmay_3d_cube
D:2:      layout_rooms, minmay_misc_feat_columns, okawaru_altar_gauntlet_db
D:3:      layout_basic, overflow_temple_1_default, kennysheep_generic_room_5
D:4:      lemuel_castle_with_subvaults [lemuel_castle_interior_carwin_1],
          layout_basic, dancing_weapons_uskayaw, gammafunk_ghost_icy,
          uniq_menkaure
D:5:      layout_loops_corners, slow_altar_2,
          chequers_temple_overflow_statue_of_worship,
          nemelex_spade_bored_becter, uniq_pikel, uniq_crazy_yiuf_cottage,
          uniq_edmund
D:6:      layout_cave_pools, ashenzari_altar_1, serial_shops, shop_statue,
          minivault_5
D:7:      layout_rooms, overflow_temple_1_default, nemelex_altar_shiori,
          minmay_temple_entry_sparse_star, eino_curves_01, sigmund_army
D:8:      layout_loops_ring, lemuel_mausoleum_altar_kikubaaqudgha, serial_shops,
          nicolae_shop_trees, serial_glass, glass_columns_a, glass_columns_a,
          glass_columns_a, glass_columns_c, glass_columns_b, glass_columns_c
D:9:      layout_stronghold, erik_orc_4, hangedman_tree_tricks, uniq_maggie
D:10:     layout_loops_ring, lair_entry_dummy, enter_bailey_3,
          hellmonk_ghost_happy_afterlife, serial_shops,
          nicolae_shop_temple_entry_statues_fountains, shop, shop,
          nicolae_shop_overgrown_old_shop
D:11:     layout_loops_ring, serial_shops, kennysheep_little_box, shop_statue,
          basic_altar, uniq_grum, uniq_maurice
D:12:     layout_long_grid, nicolae_trove_entry_columns
D:13:     layout_grid_maze, eino_small_chamber_without_monster, uniq_frances,
          uniq_erolcha, uniq_urug
D:14:     layout_rooms, david_vaults_5
D:15:     grunt_enter_depths_magical_seal, layout_basic, gammafunk_ghost_arena,
          chequers_serial_rivers_large_a, minivault_16, uniq_nessos
Lair:1:   layout_small_grid
Lair:2:   layout_roguey, uniq_gastronok, uniq_nergalle
Lair:3:   layout_regular_city, minmay_swamp_entry_reptiles,
          grunt_forest_large_clearing_hut
Lair:4:   layout_regular_city, minmay_snake_entry_guardpost_small,
          serial_bayou_shore_b, grunt_megastairs_1, infiniplex_staircase_pool_2
Lair:5:   beast_lair_carwin_large_1, layout_cave_pods, slime_altar_1,
          basic_altar, uniq_josephine
Lair:6:   minmay_lair_end_enchanted_forest, layout_loops_ring,
          minmay_lair_oklob_bushes
Swamp:1:  gammafunk_worm_tunnel, layout_falls_marsh,
          portal_ice_cave_entry_pillars_three, evilmike_swamp_ruin_rubble_2,
          swamp_pool1
Swamp:2:  layout_falls_marsh, serial_swamp_ruin, hangedman_swamp_ruin_hall,
          evilmike_swamp_ruin_house_6
Swamp:3:  layout_basic_swamp, nicolae_swamp_rocky_clearing, swamp_pool3
Swamp:4:  swamp_old_school, layout_basic_swamp
Snake:1:  layout_honeycomb, basic_altar, serial_shops, shop,
          nicolae_shop_window_shopping, nrook_guardian_serpent_ordinary
Snake:2:  layout_cave_shapes, serial_shops, nicolae_shop_statue_plus, shop,
          shop, uniq_vashnia
Snake:3:  layout_cave_town, serial_shops, shop, basic_altar
Snake:4:  johnstein_snake_rune_scales, layout_misc_corridors, special_room,
          grunt_ministairs_1, serial_bayou_shore_b
Orc:1:    layout_caves
Orc:2:    st_orc_town, layout_caves, gammafunk_ghost_stat_death
Elf:1:    minmay_elf_arrival_circle, layout_geoelf_octagon,
          ebering_ghost_reflecting_pool, evilmike_minifort
Elf:2:    layout_geoelf_grid, hangedman_elf_power_crystal, guppyfry_elf_garden,
          uniq_agnes, uniq_asterion
Elf:3:    nooodl_elf_gasket, layout_loops_ring, serial_shops, shop,
          serial_glass, glass_columns_c, glass_columns_b, glass_columns_b

Skill      XL: |  1  2  3  4  5  6  7  8  9 10 11 12 13 14 15 16 17 18 19 20 |
---------------+-------------------------------------------------------------+-----
Fighting       | 4 5 6 7 8 9 10 11 12 13 14 15 | 15.7
Dodging        | 1 2 3 4 5 6 8 9 10 | 10.7
Maces & Flails | 3 4 6 7 9 10 11 12 13 14 15 16 17 | 17.5
Shields        | 1 2 3 4 5 6 7 8 10 11 12 13 14 15 | 15.7
Armour         | 3 4 5 6 7 8 9 10 11 12 13 14 | 14.8
Throwing       | 1 2 4 6 7 8 9 10 11 12 | 12.9
Invocations    | 4 5 7 8 9 11 12 | 12.6
Stealth        | 1 3 4 |  4.5
Unarmed Combat | 2 |  2.2
Spellcasting   | 2 |  2.0
Evocations     | 2 3 4 6 |  6.5

Action                   |  1- 3 |  4- 6 |  7- 9 | 10-12 | 13-15 | 16-18 | 19-21 || total
-------------------------+-------+-------+-------+-------+-------+-------+-------++-------
Melee: Mace              |    83 |   140 |       |       |       |       |       ||   223
       Morningstar       |       |    64 |   269 |       |   298 |  1183 |  1038 ||  2852
       Dire flail        |       |       |   184 |   633 |   863 |       |    67 ||  1747
       Unarmed           |       |       |       |       |    44 |       |       ||    44
Throw: Stone             |       |    45 |    91 |       |       |       |       ||   136
       Dart              |       |       |    12 |   256 |   315 |    60 |       ||   643
       Boomerang         |       |       |     4 |    18 |     6 |   449 |   205 ||   682
       Throwing net      |       |       |       |     6 |       |       |       ||     6
Invok: Depart the Abyss  |     1 |       |       |       |       |       |     1 ||     2
       Corrupt           |       |       |       |       |       |       |     2 ||     2
       Brand Weapon With |       |       |       |       |       |       |     1 ||     1
 Abil: Dig               |       |     4 |     5 |     7 |    22 |     8 |    18 ||    64
Evoke: Wand              |       |       |       |     5 |    13 |     4 |       ||    22
       Box of beasts     |       |       |       |     3 |     2 |     6 |       ||    11
       Phantom mirror    |       |       |       |       |     1 |     1 |       ||     2
       Phial of floods   |       |       |       |       |     1 |       |       ||     1
  Use: Potion            |       |     4 |     1 |     1 |     1 |       |     7 ||    14
       Scroll            |       |       |    20 |    10 |    10 |     8 |     7 ||    55
 Stab: Held in net/web   |       |       |       |     1 |       |       |       ||     1
       Distracted        |       |       |       |       |     2 |       |       ||     2
Armor: Leather armour    |    10 |       |       |       |       |       |       ||    10
       Ring mail         |    15 |    85 |    75 |       |       |       |       ||   175
       Scale mail        |       |       |    63 |   230 |   353 |   378 |   245 ||  1269
Dodge: Dodged            |    57 |   141 |   239 |   235 |   357 |   421 |   344 ||  1794
Block: Buckler           |       |    25 |   101 |    84 |       |       |       ||   210
       Kite shield       |       |       |       |   114 |   624 |   634 |   605 ||  1977

Table legend: (Time is in decaauts)
 A = Elapsed time spent in this place.
 B = Non-inter-level travel time spent in this place.
 C = Inter-level travel time spent in this place.
 D = Time resting spent in this place.
 E = Time spent auto-exploring this place.
 F = Levels seen in this place.
 G = Mean time per level.
                   A        B        C        D        E       F      G
               +--------+--------+--------+--------+--------+-----+--------+
         Total |  57283 |  51643 |   5640 |  10054 |  30019 |  38 | 1507.4 |
       Dungeon |  22928 |  20376 |   2552 |   3283 |  12184 |  15 | 1528.5 |
          Lair |  10677 |   8983 |   1694 |    855 |   6460 |   6 | 1779.5 |
         Swamp |   4283 |   3897 |    386 |    640 |   2303 |   4 | 1070.8 |
     Snake Pit |   7266 |   6798 |    468 |   1982 |   3698 |   4 | 1816.5 |
  Orcish Mines |   2502 |   2252 |    250 |    599 |   1115 |   2 | 1251.0 |
   Elven Halls |   6582 |   6294 |    288 |   1729 |   3179 |   3 | 2194.0 |
         Abyss |    318 |    318 |      0 |    101 |     64 |   2 |  159.0 |
        Bailey |   1140 |   1140 |      0 |    159 |    476 |   1 | 1140.0 |
      Ice Cave |   1584 |   1584 |      0 |    705 |    540 |   1 | 1584.0 |
               +--------+--------+--------+--------+--------+-----+--------+

Top non-repeatable levels by time:
   Elf:2: 3043 daAuts
     D:4: 2887 daAuts
  Lair:6: 2406 daAuts
     D:5: 2260 daAuts
 Snake:4: 2244 daAuts
  Lair:1: 2105 daAuts
    D:15: 2102 daAuts
   Elf:1: 2072 daAuts
 Snake:1: 1917 daAuts
  Lair:3: 1875 daAuts
 Snake:3: 1866 daAuts
  Lair:5: 1781 daAuts
    D:12: 1755 daAuts
     D:9: 1669 daAuts
    D:13: 1626 daAuts
